SL
COLUMBUS TIDAL WAVES @ NEW AMSTERDAM REPUBLICS
04/18/2017
 
TOP OF THE 1ST
Columbus Tidal Waves batting - Pitching for New Amsterdam Republics : LHP Javier Tares
Pitching: LHP Javier Tares
Batting: RHB Cale Sutton 0-0: Foul Ball, location: 2F
0-1: Ball
1-1: Foul Ball, location: 2F
1-2: Strikes out swinging
Batting: RHB George McDonald 0-0: Foul Ball, location: 2F
0-1: Called Strike
0-2: Strikes out swinging
Batting: LHB Gonzalo López 0-0: Ball
1-0: Ball
2-0: Foul Ball, location: 2F
2-1: Called Strike
2-2: SINGLE (Line Drive, 34D)
Batting: LHB James Murray 0-0: Ball
1-0: Ball
2-0: Called Strike
2-1: Ground out U3 (Groundball, 3)
Top of the 1st over - 0 run(s), 1 hit(s), 0 error(s), 1 left on base; Columbus 0 - New Amsterdam 0
BOTTOM OF THE 1ST
New Amsterdam Republics batting - Pitching for Columbus Tidal Waves : RHP Cole Hall
Pitching: RHP Cole Hall
Batting: RHB José Ramírez 0-0: Called Strike
0-1: Ball
1-1: SINGLE (Line Drive, 89S)
Batting: RHB Ronald Shelton 0-0: Ball
1-0: Ball
Wild Pitch!
José Ramírez to second
2-0: Called Strike
2-1: Ground out 4-3 (Groundball, 13)
José Ramírez to third
Batting: LHB Steve Ingram 0-0: Ball
1-0: Foul Ball, location: 2F
1-1: Swinging Strike
1-2: Strikes out swinging
Batting: LHB Daniel Clark 0-0: Ball
1-0: Ball
2-0: Called Strike
2-1: Ball
3-1: Base on Balls
Batting: RHB Rich Norman 0-0: Called Strike
0-1: Foul Ball, location: 2F
0-2: Strikes out looking
Bottom of the 1st over - 0 run(s), 1 hit(s), 0 error(s), 2 left on base; Columbus 0 - New Amsterdam 0
TOP OF THE 2ND
Columbus Tidal Waves batting - Pitching for New Amsterdam Republics : LHP Javier Tares
Batting: LHB Do-hyung Nam 0-0: Ball
1-0: Ground out 5-3 (Groundball, 56)
Batting: RHB Kevin Howard 0-0: Ball
1-0: Ball
2-0: Swinging Strike
2-1: Swinging Strike
2-2: Foul Ball, location: 2F
2-2: Strikes out swinging
Batting: RHB Yong-oon Yi 0-0: Ball
1-0: Ball
2-0: Called Strike
2-1: Fly out, F1 (Popup, 13S)
Top of the 2nd over - 0 run(s), 0 hit(s), 0 error(s), 0 left on base; Columbus 0 - New Amsterdam 0
BOTTOM OF THE 2ND
New Amsterdam Republics batting - Pitching for Columbus Tidal Waves : RHP Cole Hall
Batting: RHB Noel Livingston 0-0: Ball
1-0: Ball
2-0: Ball
3-0: Called Strike
3-1: Foul Ball, location: 2F
3-2: Fly out, F3 (Popup, 34S)
Batting: RHB Juan Torres 0-0: Ball
1-0: Ground out 6-3 (Groundball, 6M)
Batting: SHB Ludovico Bluemel 0-0: Called Strike
0-1: Hit by Pitch
Batting: LHB Javier Tares 0-0: Ball
1-0: Called Strike
1-1: Ground out U3 (Groundball, 3S)
Bottom of the 2nd over - 0 run(s), 0 hit(s), 0 error(s), 1 left on base; Columbus 0 - New Amsterdam 0
TOP OF THE 3RD
Columbus Tidal Waves batting - Pitching for New Amsterdam Republics : LHP Javier Tares
Batting: RHB Brian Lynch 0-0: Ball
1-0: Swinging Strike
1-1: Ball
2-1: Foul Ball, location: 2F
2-2: Foul Ball, location: 2F
2-2: Strikes out swinging
Batting: RHB Cole Hall 0-0: Ball
1-0: Ball
2-0: Ground out 6-3 (Groundball, 6MD)
Batting: RHB Cale Sutton 0-0: Called Strike
0-1: Called Strike
0-2: Strikes out looking
Top of the 3rd over - 0 run(s), 0 hit(s), 0 error(s), 0 left on base; Columbus 0 - New Amsterdam 0
BOTTOM OF THE 3RD
New Amsterdam Republics batting - Pitching for Columbus Tidal Waves : RHP Cole Hall
Batting: RHB José Ramírez 0-0: Ball
1-0: Ball
2-0: Called Strike
2-1: Ball
3-1: Foul Ball, location: 2F
3-2: Foul Ball, location: 2F
3-2: Base on Balls
Batting: RHB Ronald Shelton 0-0: Ball
1-0: Ball
José Ramírez steals 2nd base
2-0: Swinging Strike
2-1: Foul Ball, location: 2F
2-2: Ground out 2-3 (Groundball, 2R)
José Ramírez to third
Batting: LHB Steve Ingram 0-0: Called Strike
0-1: Ball
1-1: Called Strike
1-2: Ball
2-2: Fly out, F9 (Line Drive, 9D)
Runner from 3rd tags up, SCORES, no throw
Batting: LHB Daniel Clark 0-0: Called Strike
0-1: Fly out, F8 (Flyball, 8RXD)
Bottom of the 3rd over - 1 run(s), 0 hit(s), 0 error(s), 0 left on base; Columbus 0 - New Amsterdam 1
TOP OF THE 4TH
Columbus Tidal Waves batting - Pitching for New Amsterdam Republics : LHP Javier Tares
Batting: RHB George McDonald 0-0: Ball
1-0: Ball
2-0: Ball
3-0: Called Strike
3-1: Foul Ball, location: 2F
3-2: Foul Ball, location: 2F
3-2: SINGLE (Line Drive, 7LM)
Batting: LHB Gonzalo López 0-0: Fly out, F9 (Line Drive, 9M)
Batting: LHB James Murray 0-0: Ball
1-0: Fly out, F7 (Flyball, 7M)
Batting: LHB Do-hyung Nam 0-0: Called Strike
0-1: Ball
1-1: Foul Ball, location: 2F
1-2: SINGLE (Popup, 4MD)
George McDonald to second
Batting: RHB Kevin Howard 0-0: Called Strike
0-1: Foul Ball, location: 2F
0-2: Ball
1-2: Foul Ball, location: 2F
1-2: Ball
Wild Pitch!
George McDonald to third
Do-hyung Nam to second
2-2: Foul Ball, location: 2F
2-2: Ground out U3 (Groundball, 3)
Top of the 4th over - 0 run(s), 2 hit(s), 0 error(s), 2 left on base; Columbus 0 - New Amsterdam 1
BOTTOM OF THE 4TH
New Amsterdam Republics batting - Pitching for Columbus Tidal Waves : RHP Cole Hall
Batting: RHB Rich Norman 0-0: Called Strike
0-1: Ground out 1-3 (Groundball, 25)
Batting: RHB Noel Livingston 0-0: Ball
1-0: Swinging Strike
1-1: Ball
2-1: Ball
3-1: Ground out 6-3 (Groundball, 6M)
Batting: RHB Juan Torres 0-0: Ball
1-0: Swinging Strike
1-1: Ground out 6-3 (Groundball, 6M)
Bottom of the 4th over - 0 run(s), 0 hit(s), 0 error(s), 0 left on base; Columbus 0 - New Amsterdam 1
TOP OF THE 5TH
Columbus Tidal Waves batting - Pitching for New Amsterdam Republics : LHP Javier Tares
Pitching: RHP Gavin Blackburn
Batting: RHB Yong-oon Yi 0-0: Ball
1-0: Ball
2-0: Ground out 5-3 (Groundball, 56S)
Batting: RHB Brian Lynch 0-0: Called Strike
0-1: Ground out 1-3 (Groundball, 15)
Pinch Hitting: RHB Justin Maldonado 0-0: Ball
1-0: Ball
2-0: Swinging Strike
2-1: SINGLE (Groundball, 4MD) (infield hit)
Batting: RHB Cale Sutton 0-0: Foul Ball, location: 2F
0-1: Called Strike
0-2: Ball
1-2: Strikes out swinging
Top of the 5th over - 0 run(s), 1 hit(s), 0 error(s), 1 left on base; Columbus 0 - New Amsterdam 1
BOTTOM OF THE 5TH
New Amsterdam Republics batting - Pitching for Columbus Tidal Waves : RHP Cole Hall
Pitching: LHP Han-lee Pak
Batting: SHB Ludovico Bluemel 0-0: Ball
1-0: Called Strike
1-1: Ball
2-1: Foul Ball, location: 2F
2-2: Foul Ball, location: 2F
2-2: Foul Ball, location: 2F
2-2: Fly out, F9 (Flyball, 89M)
Batting: RHB Gavin Blackburn 0-0: Ball
1-0: DOUBLE (Flyball, 78M)
Batting: RHB José Ramírez 0-0: Called Strike
0-1: Hit by Pitch
Batting: RHB Ronald Shelton 0-0: Ball
1-0: SINGLE (Line Drive, 34)
Gavin Blackburn to third
José Ramírez to second
Runner from 3rd tries for Home, SAFE, throw made home
Batting: LHB Steve Ingram 0-0: Called Strike
0-1: Ball
1-1: Ball
2-1: Ball
José Ramírez is caught stealing 3rd base
3-1: Swinging Strike
3-2: Foul Ball, location: 2F
3-2: Fly out, F9 (Flyball, 9M)
Bottom of the 5th over - 1 run(s), 2 hit(s), 0 error(s), 1 left on base; Columbus 0 - New Amsterdam 2
TOP OF THE 6TH
Columbus Tidal Waves batting - Pitching for New Amsterdam Republics : RHP Gavin Blackburn
Batting: RHB George McDonald 0-0: Swinging Strike
0-1: Foul Ball, location: 2F
0-2: Foul Ball, location: 2F
0-2: Ball
1-2: Strikes out swinging
Batting: LHB Gonzalo López 0-0: Foul Ball, location: 2F
0-1: Foul Ball, location: 2F
0-2: Ball
1-2: Ball
2-2: Ground out U3 (Groundball, 3S)
Batting: LHB James Murray 0-0: Ball
1-0: Ball
2-0: Called Strike
2-1: Ball
3-1: Ground out 6-3 (Groundball, 6M)
Top of the 6th over - 0 run(s), 0 hit(s), 0 error(s), 0 left on base; Columbus 0 - New Amsterdam 2
BOTTOM OF THE 6TH
New Amsterdam Republics batting - Pitching for Columbus Tidal Waves : LHP Han-lee Pak
Batting: LHB Daniel Clark 0-0: Called Strike
0-1: Foul Ball, location: 2F
0-2: Foul Ball, location: 2F
0-2: Ball
1-2: Strikes out swinging
Batting: RHB Rich Norman 0-0: Ball
1-0: Ball
2-0: Ball
3-0: Called Strike
3-1: Foul Ball, location: 2F
3-2: SINGLE (Line Drive, 89S)
Pitching: LHP Mike Terry
Batting: RHB Noel Livingston 0-0: Called Strike
0-1: Foul Ball, location: 2F
0-2: Ball
1-2: Ball
2-2: Foul Ball, location: 2F
2-2: Ground out 5-3 (Groundball, 56)
Rich Norman to second
Batting: RHB Juan Torres 0-0: Called Strike
0-1: Ball
1-1: Swinging Strike
1-2: Foul Ball, location: 2F
1-2: Ball
2-2: Ball
3-2: Base on Balls
Batting: SHB Ludovico Bluemel 0-0: Called Strike
0-1: Swinging Strike
0-2: Ball
1-2: Foul Ball, location: 2F
1-2: Ball
2-2: Strikes out looking
Bottom of the 6th over - 0 run(s), 1 hit(s), 0 error(s), 2 left on base; Columbus 0 - New Amsterdam 2
TOP OF THE 7TH
Columbus Tidal Waves batting - Pitching for New Amsterdam Republics : RHP Gavin Blackburn
Pitching: LHP Santiago Romo
Now at C: Juan Benítez
Batting: LHB Do-hyung Nam 0-0: Ball
1-0: Ground out U3 (Groundball, 3)
Batting: RHB Kevin Howard 0-0: Called Strike
0-1: Ball
1-1: Ground out 6-3 (Groundball, 6)
Batting: RHB Yong-oon Yi 0-0: Ball
1-0: Called Strike
1-1: Foul Ball, location: 2F
1-2: Ground out 6-3 (Groundball, 6M)
Top of the 7th over - 0 run(s), 0 hit(s), 0 error(s), 0 left on base; Columbus 0 - New Amsterdam 2
BOTTOM OF THE 7TH
New Amsterdam Republics batting - Pitching for Columbus Tidal Waves : LHP Mike Terry
Batting: RHB Juan Benítez 0-0: Foul Ball, location: 2F
0-1: Ball
1-1: Ball
2-1: DOUBLE (Flyball, 8LS)
Pinch Hitting: RHB Lawrence Bell 0-0: Intentional Walk
Pinch Hitting: SHB Carroll Kline 0-0: Called Strike
0-1: Swinging Strike
0-2: Fielders Choice at 3rd, U5 (Groundball, 5L)
Lawrence Bell to second
Pinch Hitting: RHB Fraser Henderson 0-0: Called Strike
0-1: Ball
1-1: Ball
2-1: Foul Ball, location: 2F
2-2: Ball
3-2: Reached on error, E5 (Groundball, 5S)
Lawrence Bell to third
Carroll Kline to second
Pinch Hitting: RHB Chip Teague 0-0: Ball
1-0: Foul Ball, location: 2F
1-1: Ball
2-1: Ball
3-1: Base on Balls
Lawrence Bell scores
Carroll Kline to third
Fraser Henderson to second
Pinch Hitting: LHB Jarred Smith 0-0: Called Strike
0-1: Foul Ball, location: 2F
0-2: Ball
1-2: Ball
2-2: Ball
Wild Pitch!
Carroll Kline scores
Fraser Henderson to third
Chip Teague to second
3-2: Fly out, F9 (Flyball, 89S)
Pinch Hitting: RHB José Romero 0-0: Ball
1-0: Swinging Strike
1-1: Swinging Strike
1-2: Foul Ball, location: 2F
1-2: Ball
2-2: Fly out, F6 (Popup, 5DF)
Bottom of the 7th over - 2 run(s), 1 hit(s), 1 error(s), 2 left on base; Columbus 0 - New Amsterdam 4
TOP OF THE 8TH
Columbus Tidal Waves batting - Pitching for New Amsterdam Republics : LHP Santiago Romo
Pitching: RHP Albert Emery
Now at 2B: Steven Poe
Now at SS: Chip Teague
Now in LF: Zarek Psaroulakis
Now in CF: Carroll Kline
Now in RF: Floyd Banks
Batting: RHB Brian Lynch 0-0: Ball
1-0: Called Strike
1-1: Ball
2-1: SINGLE (Groundball, 6M)
Pinch Hitting: LHB Trent Kershaw 0-0: Ball
1-0: Ball
2-0: Ball
3-0: Called Strike
3-1: Ground out 5-3 (Groundball, 15S)
Brian Lynch to second
Batting: RHB Cale Sutton 0-0: Foul Ball, location: 2F
0-1: Ground out 1-3 (Groundball, 15)
Batting: RHB George McDonald 0-0: Ball
1-0: Called Strike
1-1: Swinging Strike
1-2: Ball
2-2: Strikes out looking
Top of the 8th over - 0 run(s), 1 hit(s), 0 error(s), 1 left on base; Columbus 0 - New Amsterdam 4
BOTTOM OF THE 8TH
New Amsterdam Republics batting - Pitching for Columbus Tidal Waves : LHP Mike Terry
Pitching: RHP Ben Davis
Pinch Hitting: LHB Ramón Sepúlveda 0-0: Ball
1-0: Fly out, F8 (Flyball, 8LD)
Pinch Hitting: RHB Doug Reed 0-0: Swinging Strike
0-1: Ball
1-1: Foul Ball, location: 2F
1-2: Ball
2-2: Strikes out looking
Batting: RHB Juan Benítez 0-0: Ball
1-0: Foul Ball, location: 2F
1-1: Foul Ball, location: 2F
1-2: Foul Ball, location: 2F
1-2: SINGLE (Groundball, 4)
Batting: RHB Floyd Banks 0-0: Ground out 6-3 (Groundball, 6)
Bottom of the 8th over - 0 run(s), 1 hit(s), 0 error(s), 1 left on base; Columbus 0 - New Amsterdam 4
TOP OF THE 9TH
Columbus Tidal Waves batting - Pitching for New Amsterdam Republics : RHP Albert Emery
Now at 1B: Ramón Sepúlveda
Now in RF: Doug Reed
Batting: LHB Gonzalo López 0-0: Called Strike
0-1: Ball
1-1: Foul Ball, location: 2F
1-2: Foul Ball, location: 2F
1-2: Foul Ball, location: 2F
1-2: Strikes out looking
Batting: LHB James Murray 0-0: Foul Ball, location: 2F
0-1: Ball
1-1: Foul Ball, location: 2F
1-2: SOLO HOME RUN (Flyball, 9D), Distance : 375 ft
Pitching: RHP Pablo Solano
Pinch Hitting: RHB Juan Alvarado 0-0: Foul Ball, location: 2F
0-1: Ground out 6-3 (Groundball, 6M)
Batting: RHB Kevin Howard 0-0: Ball
1-0: Ball
2-0: Ball
3-0: Base on Balls
Batting: RHB Yong-oon Yi 0-0: Called Strike
0-1: Ball
1-1: SINGLE (Flyball, 8RS)
Kevin Howard to second
Batting: RHB Brian Lynch 0-0: DOUBLE (Line Drive, 56D)
Kevin Howard scores
Yong-oon Yi to third
Batting: SHB Ben Davis 0-0: Called Strike
0-1: Ball
1-1: Ball
2-1: Foul Ball, location: 2F
2-2: Foul Ball, location: 2F
2-2: DOUBLE (Line Drive, 5L)
Yong-oon Yi scores
Brian Lynch scores
Pitching: RHP Miguel Meza
Batting: RHB Cale Sutton 0-0: Ball
1-0: Foul Ball, location: 2F
1-1: Swinging Strike
1-2: Strikes out swinging
Top of the 9th over - 4 run(s), 4 hit(s), 0 error(s), 1 left on base; Columbus 4 - New Amsterdam 4
BOTTOM OF THE 9TH
New Amsterdam Republics batting - Pitching for Columbus Tidal Waves : RHP Ben Davis
Pitching: RHP Eric Miller
Now at C: Juan Alvarado
Batting: SHB Carroll Kline 0-0: Foul Ball, location: 2F
0-1: Ball
1-1: Ball
2-1: Swinging Strike
2-2: Strikes out swinging
Batting: LHB Zarek Psaroulakis 0-0: Called Strike
0-1: Swinging Strike
0-2: Strikes out swinging
Batting: RHB Chip Teague 0-0: Called Strike
0-1: Ball
1-1: Ball
2-1: SOLO HOME RUN (Line Drive, 7D), Distance : 392 ft
This league is powered by Out of the Park Baseball, the baseball management simulation game for PC, Mac and Linux
Saturday, February 27th, 2021 - OOTP Baseball 15.6 Build 34